 Dungeon Crawl Stone Soup version 0.27-a0-637-g3a9f0a9c12 (webtiles) character file.

Game seed: 11400957917807358706

0 CypherZel the Skirmisher (level 1, -2/20 HPs)
             Began as a Palentonga Abyssal Knight on Mar 14, 2021.
             Was a Follower of Lugonu.
             Slain by a sixfirhy (6 damage)
             ... on level 3 of the Abyss.
             The game lasted 00:01:21 (173 turns).

CypherZel the Skirmisher (Palentonga Abyssal Knight) Turns: 173, Time: 00:01:22

Health: -2/20      AC:  4    Str: 15    XL:     1   Next: 0%
Magic:  2/2        EV:  9    Int: 12    God:    Lugonu [*.....]
Gold:   39         SH:  0    Dex:  9    Spells: 0/0 levels left

rFire    . . .     SeeInvis +   a - +1 falchion
rCold    . . .     Faith    .   (no shield)
rNeg     . . .     Spirit   .   b - +0 leather armour
rPois    .         Reflect  .   (no helmet)
rElec    .         Harm     .   (no cloak)
rCorr    .         Rampage  .   (no gloves)
Will     .....                  (no barding)
Stlth    +.........             (no amulet)
HPRegen  0.06/turn              (no ring)
MPRegen  0.08/turn              (no ring)

@: no status effects
A: large, rugged brown scales 3, see invisible, deformed body, roll 1, armoured
tail
a: Rolling Charge, Renounce Religion, Depart the Abyss


You were on level 3 of the Abyss.
You worshipped Lugonu.
Lugonu was aware of your devotion.
You visited 0 branches of the dungeon, and saw 0 of its levels.
You visited the Abyss 1 time.

You collected 39 gold pieces.

Inventory:

Hand Weapons
 a - a +1 falchion (weapon)
Armour
 b - a +0 leather armour (worn)


   Skills:
 + Level 3.0 Fighting
 + Level 2.0 Long Blades
 - Level 1.5 Armour
 - Level 0.7 Dodging
 + Level 2.0 Invocations


You couldn't memorise any spells.
You didn't know any spells.
Your spell library contained the following spells:

 Spells                   Type           Power      Damage    Failure   Level
 Magic Dart               Conj           0%         1d3       38%         1
 Searing Ray              Conj           0%         3d3       52%         2
 Dazzling Flash           Conj/Hex       0%         N/A       77%         3
 Fulminant Prism          Conj/Hex       0%         3d6       99%         4
 Iskenderun's Mystic Bla  Conj/Tloc      0%         2d3       99%         4


Dungeon Overview and Level Annotations

Branches:
Dungeon (0/15)

Altars:


Innate Abilities, Weirdness & Mutations

You are completely covered in rugged brown scales. (AC +3, +7% HP)
You have supernaturally acute eyesight. (SInv)
Armour fits poorly on your strangely shaped body.
You can roll at nearby foes to attack.
You have a long armoured tail.


Message History

You now have 39 gold pieces.
A bone dragon comes into view.
A starcursed mass comes into view.
A starcursed mass splits.
An efreet comes into view.
It is wielding a +1 scimitar of flaming.
A starcursed mass splits.
A spriggan comes into view.
The spriggan shouts!
Found a golden potion.
You aren't carrying any potions.
Unknown command.
The spriggan hits you.
You see here a golden potion.
It was a potion of curing.
You feel better. The spriggan hits you. The spriggan hits you!
A tentacled starspawn comes into view.
Found a scroll labelled VIXICVOMUA.
You riposte.
You barely miss the spriggan.
You see here a scroll labelled VIXICVOMUA.
As you read the scroll labelled VIXICVOMUA, it crumbles to dust.
It is a scroll of identify.
You don't have any unidentified items.
The spriggan hits you.
* * * LOW HITPOINT WARNING * * *
A tentacle flies out from the starspawn's body!
The spriggan hits you.
* * * LOW HITPOINT WARNING * * *
A starspawn tentacle comes into view.
The spriggan changes into a basilisk!
A starspawn tentacle comes into view.
A white imp comes into view.
The white imp shouts, "Despair, thou fulsome ill-breeding puttock!"
You riposte.
You hit the starspawn tentacle.
The starspawn tentacle is lightly damaged.
Found 48 gold pieces.
The starcursed mass shudders and is absorbed by its neighbour.
A sixfirhy comes into view.
The sixfirhy moves out of view.
The sixfirhy hits you.
You die...

..# #.. ...... .
..... .. .#.#
#..###...##
........#.######
#...#3#...#..
#.@...#.# $
#.##....# 5. #
#.#.#.#......#
#.####..# .....#
#.##..
..##...###..#
### #. #..#
#....##.. #..
#### #.
#X##........
#..#. .##
###.w.#.. #.# ##
. .# ##.
.#.│#.###


You could see a sixfirhy.

Vanquished Creatures (others)
  2 starspawn tentacles (Abyss:3)
2 creatures vanquished.

Notes
Turn   | Place    | Note
-------+----------+-------------------------------------------
     0 | Abyss:1  | CypherZel the Palentonga Abyssal Knight began the quest for
                  | the Orb.
     0 | Abyss:1  | Reached XP level 1. HP: 20/20 MP: 2/2
   127 | Abyss:3  | Noticed a bone dragon
   139 | Abyss:3  | Noticed a starcursed mass
   141 | Abyss:3  | Noticed an efreet
   143 | Abyss:3  | Noticed a spriggan
   152 | Abyss:3  | Noticed a tentacled starspawn
   165 | Abyss:3  | Noticed a basilisk
   165 | Abyss:3  | a spriggan changed into a basilisk
   169 | Abyss:3  | Noticed a sixfirhy
   173 | Abyss:3  | Slain by a sixfirhy

Illustrated notes

Levels and vault maps discovered:
Abyss:3:  base: Temple, evilmike_abyss_exit_11, nicolae_abyss_rune_left_handed,
          hangedman_abyss_rune_macabre_mess

Action                   || total
-------------------------++-------
  Use: Scroll            ||     1
       Potion            ||     1
Dodge: Dodged            ||     6
       Rpst.: Falchion   ||     2

Table legend: (Time is in decaauts)
 A = Elapsed time spent in this place.
 B = Non-inter-level travel time spent in this place.
 C = Inter-level travel time spent in this place.
 D = Time resting spent in this place.
 E = Time spent auto-exploring this place.
 F = Levels seen in this place.
 G = Mean time per level.
                   A        B        C        D        E       F      G
               +--------+--------+--------+--------+--------+-----+--------+
         Total |    172 |    172 |      0 |      0 |     94 |   3 |   57.3 |
         Abyss |    172 |    172 |      0 |      0 |     94 |   3 |   57.3 |
               +--------+--------+--------+--------+--------+-----+--------+

Top non-repeatable levels by time:
 Abyss:3: 96 daAuts
 Abyss:1: 72 daAuts
 Abyss:2: 3 daAuts
